 Dungeon Crawl Stone Soup version 0.13.0-3-g966e3ec (webtiles) character file.

970 Bloax the Ruffian (level 7, -2/43 HPs)
             Began as a Gargoyle Monk on Oct 13, 2013.
             Was a Priest of Cheibriados.
             Slain by an orc warrior
             ... wielding a -1,+0 orcish hand axe
              (15 damage)
             ... on Level 7 of the Dungeon.
             The game lasted 00:12:04 (1719 turns).

Bloax the Ruffian (Gargoyle Monk)                   Turns: 1719, Time: 00:12:05

HP  -2/43        AC 13     Str 27      XL: 7   Next: 99%
MP   4/7         EV  8     Int 18      God: Cheibriados [***...]
Gold 133         SH  0     Dex 20      Spells:  0 memorised,  6 levels left

Res.Fire  : . . .   See Invis. : .     - Unarmed
Res.Cold  : . . .   Warding    : .   f - +0 chain mail
Life Prot.: + . .   Conserve   : .   (no shield)
Res.Poison: +       Res.Corr.  : .   (no helmet)
Res.Elec. : +       Clarity    : .   (no cloak)
Sust.Abil.: + .     Spirit.Shd : .   (no gloves)
Res.Mut.  : .       Stasis     : .   (no boots)
Res.Rott. : +       Flight     : .   (no amulet)
Saprovore : . . .                    a - ring of sustain abilities
                                     m - +5 ring of strength

@: very slow, slightly resistant to hostile enchantments, extremely unstealthy
A: fangs 1, talons 2, life protection 1, electricity resistance, slow metabolism
1, unbreathing, petrification resistance, AC +4
a: Bend Time, Temporal Distortion, Renounce Religion


You were on level 7 of the Dungeon.
You worshipped Cheibriados.
Cheibriados was most pleased with you.
You were full.

You visited 2 branches of the dungeon, and saw 8 of its levels.

You collected 133 gold pieces.


Innate Abilities, Weirdness & Mutations

You are resistant to torment.
You are immune to poison.
Your stone body is very resilient (AC +4).
You have very sharp teeth.
You have razor-sharp toenails.
You resist negative energy.
You are resistant to electric shocks.
You have a slow metabolism.
You can survive without breathing.
You are immune to petrification.


   Skills:
 + Level 6.4 Fighting
 + Level 1.6 Armour
 - Level 3.9 Dodging
 - Level 2.1 Stealth
 * Level 7.4 Unarmed Combat
 + Level 1.5 Invocations


You had 6 spell levels left.
You didn't know any spells.

Dungeon Overview and Level Annotations

Branches:
Dungeon (7/27)             Temple (1/1) D:4
    Orc: D:6-11

Altars:
Ashenzari
Cheibriados
Elyvilon
Okawaru
Xom
Zin
Lugonu

Inventory:

Missiles
 e - 6 javelins (quivered)
Armour
 f - a +0 chain mail (worn)
   (You found it on level 5 of the Dungeon)
Magical devices
 g - a wand of flame (15)
   (You found it on level 5 of the Dungeon)
Comestibles
 b - 4 bread rations
 k - a meat ration
 l - a snozzcumber {Snozzchumpion}
Scrolls
 c - 3 scrolls of curse weapon {unknown}
 d - 2 scrolls of curse jewellery {not rcurse, unknown}
 h - a scroll of teleportation
 i - a scroll of remove curse
 o - 2 scrolls of noise {unknown}
 p - a scroll of fear {unknown}
 q - 2 scrolls of immolation {!r}
 r - a scroll of fog
 s - a scroll of enchant weapon I {unknown}
 t - a scroll of enchant armour {unknown}
Jewellery
 a - a ring of sustain abilities (right hand)
   (You found it on level 5 of the Dungeon)
 j - a +2 ring of intelligence
   (You found it on level 3 of the Dungeon)
 m - a +5 ring of strength (left hand)
   (You found it on level 6 of the Dungeon)
 n - an uncursed amulet of stasis
   (You found it on level 5 of the Dungeon)
Potions
 w - a potion of agility {unknown}
 z - a potion of restore abilities {unknown}
Books
 v - a book of Alchemy
   (You found it on level 6 of the Dungeon)

   Spells                             Type                      Level
   Lethal Infusion                    Charms/Necromancy            2
   Sublimation of Blood               Necromancy                   2
   Condensation Shield                Ice                          4
   Alistair's Intoxication            Transmutation/Poison         4
   Petrify                            Transmutation/Earth          4
   Ignite Poison                      Fire/Transmutation           5

###'### #.# ####.#
#....# ###+####
##.######## #......#
#.........#
+......####.%.......#
#....oo#..............
#....o@'.##.........#
#!...).####.........#
#......# ######.####
###+#### .# . .


You could see an orc warrior and 2 orcs.


Message History

Cheibriados thoroughly appreciates the change of pace.
You see here a hound corpse.
You open the door. 2 orcs, an orc warrior and an orc priest come into view.
The orc warrior shouts!
The orc shouts!
The orc shouts!
The orc priest shouts!
Found a potion of curing.
Found a stone staircase leading up.
There is an open door here.
Unknown command.
The orc hits you but does no damage.
The orc warrior hits you with an orcish hand axe!
The orc priest hits you but does no damage.
The orc warrior hits you with an orcish hand axe!
The orc hits you with an orcish flail.
* * * LOW HITPOINT WARNING * * *
Unknown command.
You closely miss the orc priest.
You bite the orc priest, but do no damage.
The orc hits you but does no damage.
Unknown command.
Unknown command.
You barely miss the orc priest. You claw the orc priest.
You bite the orc priest, but do no damage.
The orc priest is moderately wounded.
The orc warrior hits you with an orcish hand axe.
* * * LOW HITPOINT WARNING * * *
The orc priest hits you but does no damage.
The orc hits you but does no damage.
Unknown command.
Your chain mail prevents you from hitting the orc priest.
You claw the orc priest!
You bite the orc priest, but do no damage.
The orc priest is almost dead.
The orc closely misses you.
The orc warrior hits you with an orcish hand axe!
* * * LOW HITPOINT WARNING * * *
The orc priest barely misses you. The orc closely misses you.
Drink which item? (? for menu, Esc to quit)
You feel better. The orc hits you but does no damage.
The orc warrior hits you but does no damage.
The orc priest closely misses you. The orc hits you but does no damage.
Unknown command.
Unknown command.
You hit the orc priest. You claw the orc priest.
You kill the orc priest!
Cheibriados appreciates the change of pace.
The orc barely misses you.
Unknown command.
Unknown command.
You hit the orc warrior.
You claw the orc warrior, but do no damage.
The orc warrior is lightly wounded.
The orc warrior closely misses you. The orc closely misses you.
The orc closely misses you.
Unknown command.
Use which ability? (? or * to list)
The flow of time bends around you.
Cheibriados rebukes the orc.
The orc seems to slow down.
Cheibriados rebukes the orc.
The orc seems to slow down.
Cheibriados rebukes the orc warrior.
The orc warrior seems to slow down.
You feel slightly less full. The orc warrior closely misses you.
The orc hits you but does no damage. The orc barely misses you.
Unknown command.
You hit the orc warrior but do no damage.
You claw the orc warrior.
The orc warrior is moderately wounded.
The orc warrior hits you with an orcish hand axe!
You die...

Action                   |  1- 3 |  4- 6 |  7- 9 || total
-------------------------+-------+-------+-------++-------
Melee: Unarmed           |    38 |    97 |    67 ||   202
Throw: Javelin           |       |     1 |       ||     1
Invok: Bend Time         |       |       |     1 ||     1
Evoke: Wand              |       |       |     1 ||     1
  Use: Potion            |     1 |       |     1 ||     2
       Scroll            |       |     8 |     2 ||    10
 Stab: Sleeping          |     1 |     1 |       ||     2

Vault maps used:
D:1:      dpeg_entry_three_same_balls
D:2:      minmay_misc_feat_columns, uniq_jessica
D:3:      lemuel_elevator, grunt_temple_overflow_growth_and_decay,
          gammafunk_temple_overflow_wave, first_bread
D:4:      grunt_temple_overflow_holy_war, temple_green, serial_co_window_serial,
          co_window_corner_a, co_window_corner_a, co_window_paths_a,
          co_window_paths_a, co_window_corner_a, co_window_paths_b,
          co_window_corner_a, co_window_paths_a, co_window_cross_1,
          co_window_unsneaky_path_d, co_window_corner_b,
          co_window_unsneaky_path_a
D:7:      trog_ov_bears_minmay, uniq_menkaure, uniq_duvessa
Temple:   corrupted_temple_6

Notes
Turn   | Place    | Note
--------------------------------------------------------------
     0 | D:1      | Bloax, the Gargoyle Monk, began the quest for the Orb.
     0 | D:1      | Reached XP level 1. HP: 12/12 MP: 0/0
   235 | D:2      | Reached XP level 2. HP: 17/17 MP: 1/1
   343 | D:2      | Reached skill level 4 in Fighting
   343 | D:2      | Reached XP level 3. HP: 17/22 MP: 2/2
   556 | D:4      | Reached skill level 5 in Unarmed Combat
   572 | D:4      | Reached XP level 4. HP: 25/28 MP: 3/3
   607 | D:4      | Reached XP level 5. HP: 20/32 MP: 4/4
   639 | D:4      | HP: 8/32 [adder (3)]
   702 | D:4      | HP: 6/32 [ogre skeleton (9)]
   716 | D:4      | Found a staircase to the Ecumenical Temple.
   722 | Temple   | Entered the Ecumenical Temple
   733 | Temple   | hahaha
   739 | Temple   | Became a worshipper of Cheibriados the Contemplative
   739 | Temple   | Acquired Cheibriados' first power
   740 | Temple   | cheibriados uber alles
   846 | D:4      | Noticed crypto177's ghost (average DrTm)
   856 | D:4      | Killed crypto177's ghost
   856 | D:4      | Reached skill level 5 in Fighting
   856 | D:4      | Reached skill level 3 in Dodging
   856 | D:4      | Reached skill level 6 in Unarmed Combat
   856 | D:4      | Reached XP level 6. HP: 18/37 MP: 5/5
  1010 | D:5      | Entered Level 5 of the Dungeon
  1195 | D:5      | Reached XP level 7. HP: 19/43 MP: 6/6
  1270 | D:6      | Reached skill level 6 in Fighting
  1276 | D:6      | Reached skill level 7 in Unarmed Combat
  1320 | D:6      | Reached skill level 1 in Invocations
  1393 | D:6      | Reached skill level 1 in Armour
  1434 | D:6      | Acquired Cheibriados' second power
  1714 | D:7      | HP: 6/43 [orc warrior/orcish hand axe (13)]
  1719 | D:7      | Slain by an orc warrior

Vanquished Creatures
  The ghost of crypto177 the Changer, an average DrTm (D:4)
  A sky beast (D:5)
  A centaur (D:5)
  A giant frog (D:6)
  3 crimson imps
  2 hounds
  2 giant frog zombies
  An orc priest (D:7)
  3 worker ants (D:6)
  A scorpion (D:4)
  An ogre skeleton (D:4)
  5 adders
  2 worms
  A giant eyeball (D:4)
  5 orcs
  6 goblins
  3 hobgoblins
  6 bats
  2 giant geckos
  A giant gecko zombie (D:5)
  2 kobolds
  A kobold skeleton (D:6)
  2 orc skeletons
  2 quokkas (D:6)
  3 rats
  A rat skeleton (D:6)
59 creatures vanquished.
